 Dungeon Crawl Stone Soup version 0.29.0-13-gc9e81de378 (webtiles) character file.

Game seed: 7736561482523883721

2283 freelancePsychic the Slicer (level 9, 0/56 HPs)
             Began as a Kobold Hedge Wizard on Sept 8, 2022.
             Slain by an ogre
             ... wielding a +0 giant club
              (23 damage)
             ... on level 7 of the Dungeon.
             The game lasted 00:10:36 (5995 turns).

freelancePsychic the Slicer (Kobold Hedge Wizard)   Turns: 5995, Time: 00:10:36

Health: 0/56       AC:  9    Str:  9    XL:     9   Next: 66%
Magic:  13/13      EV: 16    Int: 15    God:
Gold:   115        SH:  0    Dex: 25    Spells: 13/14 levels left

rFire   . . .      SeeInvis +   v - +7 dagger "Qif Wyel" {pain, *Slow rPois Str+2}
rCold   + . .      Faith    .   (no shield)
rNeg    . . .      Spirit   .   I - quicksilver dragon scales
rPois   +          Reflect  .   x - +0 mask of the Dragon {Will+ Slay+3 SInv}
rElec   .          Harm     .   (no cloak)
rCorr   .          Rampage  .   (no gloves)
Will    ++...                   (no boots)
Stlth   +++++.....              i - amulet of regeneration
HPRegen 0.98/turn               o - ring of protection from cold
MPRegen 0.13/turn               k - +6 ring of dexterity

@: no status effects
A: small, no large weapons, nightstalker 3
a: no special abilities


You were on level 7 of the Dungeon.
You visited 2 branches of the dungeon, and saw 8 of its levels.

You collected 275 gold pieces.
You spent 160 gold pieces at shops.

Inventory:

Hand Weapons
 a - a +3 dagger
 v - the +7 dagger "Qif Wyel" (weapon) {pain, *Slow rPois Str+2}
   (You found it on level 3 of the Dungeon)

   In the hands of one skilled in necromantic magic, it inflicts extra damage on
   living creatures.
   Str:       It affects your strength (+2).
   rPois:     It protects you from poison.
   *Slow:     It may slow you when you take damage.
Armour
 b - a +1 robe
 w - a +0 leather armour
 x - the +0 mask of the Dragon (worn) {Will+ Slay+3 SInv}
   (You found it on level 3 of the Dungeon)

   Slay:      It affects your accuracy & damage with ranged weapons and melee
   (+3).
   SInv:      It lets you see invisible.
   Will:      It increases your willpower.
 I - quicksilver dragon scales (worn)
Jewellery
 i - an amulet of regeneration (around neck)
 k - a +6 ring of dexterity (right hand)
 o - a ring of protection from cold (left hand)
 r - an amulet of faith
 y - an amulet of magic regeneration
 B - an amulet of guardian spirit
Wands
 p - a wand of flame (19)
 D - a wand of paralysis (14)
Scrolls
 c - 2 scrolls of fear
 g - 2 scrolls of amnesia
 h - 2 scrolls of vulnerability
 j - a scroll of silence {unknown}
 m - a scroll of enchant armour
 n - 2 scrolls of noise
 q - 3 scrolls of teleportation {@r4}
 F - a scroll of torment {unknown}
 G - a scroll of poison {unknown}
 H - a scroll of enchant weapon
Potions
 d - 2 potions of magic
 e - 2 potions of ambrosia
 l - 2 potions of cancellation
 s - 7 potions of curing {@q1}
 t - 2 potions of brilliance {unknown}
 u - 3 potions of haste {@q3}
 z - 2 potions of berserk rage {unknown}
 A - a potion of attraction {unknown}
 C - 2 potions of heal wounds {unknown}
 E - 2 potions of might


   Skills:
 * Level 6.7 Fighting
 * Level 9.4 Short Blades
 + Level 6.0 Dodging
 + Level 8.9 Stealth
 - Level 3.2 Spellcasting
 - Level 1.0 Conjurations
 - Level 1.0 Summonings
 - Level 1.0 Translocations


You had 13 spell levels left.
You knew the following spells:

 Your Spells              Type           Power      Damage    Failure   Level
a - Magic Dart            Conj           20%        1d4       36%         1

Your spell library contained the following spells:

 Spells                   Type           Power      Damage    Failure   Level
 Beastly Appendage        Tmut           4%         N/A       50%         1
 Slow                     Hex            8%         N/A       50%         1
 Blink                    Tloc           10%        N/A       50%         2
 Call Imp                 Summ           5%         N/A       50%         2
 Wereblood                Tmut           2%         N/A       63%         2
 Conjure Flame            Conj/Fire      3%         6-21      80%         3
 Stone Arrow              Conj/Erth      6%         3d7       80%         3
 Mephitic Cloud           Conj/Pois/Air  3%         N/A       82%         3
 Spider Form              Tmut/Pois      2%         N/A       86%         3
 Animate Armour           Summ/Erth      6%         N/A       99%         4
 Summon Ice Beast         Ice/Summ       3%         N/A       99%         4
 Summon Mana Viper        Hex/Summ       3%         N/A       100%        5
 Monstrous Menagerie      Summ           2%         N/A       100%        7
 Lehudib's Crystal Spear  Conj/Erth      1%         10d2      100%        8


Dungeon Overview and Level Annotations

Branches:
Dungeon (7/15)             Temple (1/1) D:7

Altars:
Ashenzari
Cheibriados
Elyvilon
Fedhas
Hepliaklqana
Kikubaaqudgha
Makhleb
Nemelex Xobeh
Okawaru
Qazlal
Trog
Xom
Yredelemnul
Zin
The Shining One

Shops:
D:4 =   D:5 (*[=:

Annotations:
D:6 1 runed translucent door


Innate Abilities, Weirdness & Mutations

You are small and have problems with some larger weapons.
You are completely attuned to the shadows.


Message History

The orc barely misses you. The orc warrior closely misses you.
You hit the orc warrior but do no damage.
The orc warrior is almost dead.
You hit the orc warrior but do no damage.
You punch the orc warrior, but do no damage.
The orc warrior is almost dead.
The orc closely misses you. The orc warrior closely misses you.
An orc priest comes into view.
It is wielding a +2 vorpal falchion and carrying a wand of roots (4).
The orc priest shouts!
You hit the orc warrior.
You kill the orc warrior!
You hear a shout!
Your Dodging skill increases to level 6!
You puncture the orc!
You kill the orc!
You closely miss the orc. You hit the orc.
The orc is heavily wounded.
The orc priest invokes the aid of Beogh against you.
Beogh smites you!
You hit the orc.
The orc is severely wounded.
The orc misses you.
The orc priest invokes the aid of Beogh against you.
Beogh smites you!
You are too injured to fight recklessly!
You are too injured to fight recklessly!
You hit the orc.
You kill the orc!
An ogre comes into view. It is wielding a +0 giant club.
Found a stone staircase leading up.
The orc priest calls down the wrath of Beogh upon you.
Beogh smites you!
You see here a +0 flail.
The orc priest hits you with a +2 vorpal falchion.
The ogre completely misses you.
You completely miss the orc priest. The orc priest barely misses you.
The ogre attacks as you move away!
The ogre hits you with a +0 giant club!!
You die...

******,*********,*****,,,,,,,,,..
,*,,,,,,,,,*,,,,,,,,,,,,,,,,,,...
,*,,,,,,,,,*,,,,,,,,,,,,,,,,,....
,*,,,,,,,,,*,,,,,,,*,,,,,,,,,....
,*,,,,,,,,,*.......##**,,,,,,....
,,,,,,,,,,,,........# **,,,,,....
,*,,,,,,,,,*,#......#***,,,,,....
,*,,,,,,,,,*,*#Oo..<.,*,,,,,,....
,*,,,,,,,,,*,**#@.#*,,,,,,,,,....
,*,,,,,,,,,*,*##)##**,#######....
,*****,*****,##).######⌠...⌠#####
,,,,,,,,,,,,,#...##...#.....#...#
,,,,,,,,,,,*#.......⌠....>....⌠..
*,,,,,,,,,,,.....##...#.....#...#
*****,,,***,......#####⌠...⌠#####
* **,,* **#.....,,,,#######,,,,
*,,* *..##**,,,,,****,,**,


You could see an ogre and an orc priest.

Vanquished Creatures
  Sigmund (D:5)
  A wraith (D:7)
  Eustachio (D:5)
  Menkaure (D:4)
  2 water moccasins (D:6)
  2 orc warriors
  A black bear (D:4)
  2 centaurs
  A kobold brigand (D:6)
  A phantom (D:5)
  3 scorpions
  2 howler monkeys
  The ghost of Voxie the Sneak, a weakling GrDe of Trog (D:5)
  2 hounds
  3 jellies
  An orc priest (D:6)
  4 iguanas
  Ijyb (D:5)
  2 orc wizards (D:6)
  4 gnolls
  12 adders
  A white imp (D:7)
  An ufetubus (D:5)
  6 worms
  2 dart slugs (D:3)
  17 orcs
  8 endoplasms
  5 giant cockroaches
  3 goblins
  4 hobgoblins
  4 quokkas
  9 ball pythons
  3 bats
  8 frilled lizards
  9 kobolds
  2 rats (D:1)
  A spectral orc (D:6)
131 creatures vanquished.

Vanquished Creatures (others)
  2 orcs (D:6)
2 creatures vanquished.

Grand Total: 133 creatures vanquished

Notes
Turn   | Place    | Note
-------+----------+-------------------------------------------
     0 | D:1      | freelancePsychic the Kobold Hedge Wizard began the quest
                  | for the Orb.
     0 | D:1      | Reached XP level 1. HP: 10/10 MP: 4/4
   403 | D:1      | Reached skill level 1 in Short Blades
   444 | D:1      | Reached XP level 2. HP: 15/15 MP: 6/6
   603 | D:1      | Found a faded altar of an unknown god.
   780 | D:1      | Reached skill level 2 in Short Blades
  1140 | D:2      | Reached XP level 3. HP: 2/19 MP: 1/7
  1568 | D:2      | Reached skill level 3 in Short Blades
  1568 | D:2      | Reached XP level 4. HP: 24/24 MP: 8/8
  1785 | D:2      | Reached skill level 5 in Stealth
  1960 | D:3      | Reached skill level 4 in Short Blades
  1960 | D:3      | Reached XP level 5. HP: 28/28 MP: 9/9
  2154 | D:3      | Identified the +7 dagger "Qif Wyel" {pain, *Slow rPois
                  | Str+2}
  2198 | D:3      | Found the +0 mask of the Dragon {Will+ Slay+3 SInv}
  2520 | D:4      | Reached XP level 6. HP: 33/33 MP: 10/10
  2586 | D:4      | Reached skill level 1 in Fighting
  2892 | D:4      | Noticed a black bear
  2897 | D:4      | Killed a black bear
  2898 | D:4      | Reached skill level 5 in Short Blades
  2898 | D:4      | Reached XP level 7. HP: 39/39 MP: 11/11
  3231 | D:4      | Found Veuxkog's Jewellery Shop.
  3276 | D:4      | Noticed Menkaure
  3280 | D:4      | Killed Menkaure
  3281 | D:4      | Reached skill level 6 in Short Blades
  3698 | D:5      | Entered Level 5 of the Dungeon
  3707 | D:5      | Noticed Eustachio
  3711 | D:5      | Killed Eustachio
  3712 | D:5      | Reached XP level 8. HP: 46/46 MP: 12/12
  3712 | D:5      | Found Qityrufo's Armour Boutique.
  3777 | D:5      | Found Sutomare's Jewellery Shop.
  3779 | D:5      | Noticed Ijyb
  3783 | D:5      | Killed Ijyb
  3794 | D:5      | Noticed Voxie's ghost (weakling GrDe)
  3799 | D:5      | Noticed Sigmund
  3800 | D:5      | Found a runed translucent door.
  3803 | D:5      | Killed Sigmund
  3804 | D:5      | Reached skill level 7 in Short Blades
  3872 | D:5      | Found Teraoripea's Weapon Shoppe.
  3941 | D:5      | Found Raypnosa's Assorted Antiques.
  3944 | D:5      | Bought a potion of might for 128 gold pieces
  3944 | D:5      | Bought a scroll labelled SOUHOM DORO for 32 gold pieces
  4204 | D:5      | Found Saus's Book Emporium.
  4572 | D:5      | Killed Voxie's ghost
  4573 | D:5      | Reached skill level 5 in Fighting
  4573 | D:5      | Reached skill level 5 in Dodging
  4649 | D:6      | Reached skill level 8 in Short Blades
  4649 | D:6      | Reached XP level 9. HP: 44/54 MP: 13/13
  4960 | D:6      | Found a basalt altar of Yredelemnul.
  5206 | D:6      | Reached skill level 9 in Short Blades
  5499 | D:6      | Found a runed translucent door.
  5739 | D:7      | Found a staircase to the Ecumenical Temple.
  5747 | Temple   | Entered the Ecumenical Temple
  5995 | D:7      | Slain by an ogre

Illustrated notes

Levels and vault maps discovered:
D:1:      matt_arrival_refuge, layout_rooms,
          shapermc_ecumenical_altar_mp_highgroup, serial_co_window_serial,
          co_window_of_opportunity_a, co_window_paths_b,
          co_window_of_opportunity_a, co_window_cross_1, co_window_paths_b,
          co_window_of_opportunity_b, co_window_2corner, co_window_broadway_c,
          co_window_corner_b, glass_columns_a
D:2:      layout_rooms, minmay_cupped
D:3:      layout_basic, minmay_vboxes
D:4:      layout_layer_cave, serial_shops, nicolae_shop_trees, uniq_menkaure
D:5:      layout_cave_pods, serial_shops, kennysheep_mini_moat,
          nicolae_shop_stone, nicolae_shop_stone, kennysheep_mini,
          nicolae_shop_competitors_out_of_business,
          hellmonk_ghost_happy_afterlife, uniq_eustachio, uniq_sigmund,
          uniq_ijyb
D:6:      layout_loops_ring, yredelemnul_forgotten_temple_becter,
          chequers_serial_rivers_micro_a, hex_large, lightli_church_of_beogh
D:7:      minmay_the_grid_plus [minmay_the_grid_x, minmay_the_grid_all_tris,
          minmay_the_grid_square_x, minmay_the_grid_empty,
          minmay_the_grid_prize_diamond_cup], layout_layer_cave,
          minmay_temple_entry_antechambers, serial_shops, shop, enter_bailey_2
Temple:   eino_narrow_crystal_temple

Skill      XL: |  1  2  3  4  5  6  7  8  9 |
---------------+----------------------------+-----
Stealth        | 3 4 5 6 7 8 |  8.9
Short Blades   | 1 2 3 4 5 6 8 9 |  9.4
Fighting       | 1 3 5 6 |  6.7
Dodging        | 3 4 5 6 |  6.0
Spellcasting   | |  3.2
Conjurations   | |  1.0
Summonings     | |  1.0
Translocations | |  1.0

Action                   |  1- 3 |  4- 6 |  7- 9 || total
-------------------------+-------+-------+-------++-------
Melee: Dagger            |   103 |   106 |   145 ||   354
       Punch             |       |       |     3 ||     3
 Cast: Magic Dart        |    19 |     6 |       ||    25
Evoke: Wand              |       |     5 |     1 ||     6
  Use: Scroll            |     3 |     2 |     7 ||    12
       Potion            |     1 |       |       ||     1
 Stab: Sleeping          |    11 |    22 |    25 ||    58
       Distracted        |       |       |     1 ||     1
Armor: Robe              |    15 |    13 |     1 ||    29
       Leather armour    |       |       |     5 ||     5
       Quicksilver drago |       |       |     4 ||     4
Dodge: Dodged            |    76 |    50 |    66 ||   192
